Celery, chaotic female sylph Rogue ------- +.....| |.[...| ----.-- ------- # |.....| ### +E...<---- # |........-#### ### |........| # # |........| ### ## |........| # ----.----- ---------- ##-........| |.......{| ###################.......).| --------.- # Celery the Cutpurse Experience level: 4 Strength: 13 Dexterity: 19 Constitution: 16 Intelligence: 8 Wisdom: 11 Charisma: 8 Health: 33(33) Energy: 21(21) Def: 0 Gold: 100 Moves: 1533 Dungeon seed: 36-ZUAP0lysRX5Js Game ID: Celery_1470419457 Your Inventory: Coins $ - 100 gold pieces Weapons a - an uncursed +0 short sword (weapon in hand) b - 12 uncursed +0 daggers (in quiver) Armor e - an uncursed +1 leather armor n - an uncursed +0 pair of high boots q - an uncursed +0 dwarvish cloak (being worn) Scrolls H - a blessed scroll of confuse monster Potions c - an uncursed potion of sickness z - a cursed potion of polymorph Rings s - an uncursed ring of warning J - an uncursed ring of poison resistance Wands h - an uncursed wand of opening (0:3) I - an uncursed wand of cold (0:6) Tools d - an uncursed lock pick f - an uncursed sack g - an uncursed blindfold Contents of the sack: 425 gold pieces an uncursed scroll of blank paper an uncursed scroll of create monster a cursed scroll of fire an uncursed scroll of magic mapping 2 uncursed scrolls of scare monster an uncursed scroll of teleportation Spells and supernatural/magical abilities: Name Level Category Fail Memory W - pray for help -- divine ? -- Your skills at the end: Miscellaneous Skills wands [Basic] Weapon Skills dagger [Basic] short sword [Basic] Spellcasting Skills healing spells [Basic] Final Attributes: You were devoutly aligned. You saw invisible. You were stealthy. You were protected from shape changers. You were unlucky. You survived. Vanquished creatures: a little dog a hobbit a large kobold 3 geckos 5 giant rats a gnome zombie 2 foxes a newt 2 sewer rats 3 grid bugs 2 lichens a kobold zombie 23 creatures vanquished. Voluntary challenges: You were vegetarian. You did not adorn yourself with jewelry or accessories. You were an atheist. You used a wielded weapon 22 times, starting on turn 309. You did not apply a unicorn horn. You read items or engraved 2 times, starting on turn 1390. You never genocided any monsters. You never polymorphed an object. You never changed form. You used no wishes. You never split a pudding. You never wrote Elbereth's name. You violated your moral code, losing 5 points of alignment, starting on turn 1352. Dungeon overview: The Dungeons of Doom: levels 1 to 4 Level 1 a sink a long staircase Level 2 a fountain Level 3 a fountain a long staircase Level 4 <- You were here a fountain History has recorded: On T:1 you entered the Dungeons of Doom to retrieve the Amulet of Yendor! On T:439 you reached level 2 of The Dungeons of Doom. On T:937 you reached level 3 of The Dungeons of Doom. On T:941 you advanced to experience level 2. On T:1280 you advanced to experience level 3. On T:1349 you reached level 4 of The Dungeons of Doom. On T:1352 you advanced to experience level 4. Score breakdown: Gold: 525 ( 52 points) Experience: 4 levels ( 300 points) Exploration: 4 levels ( 90 points) Discoveries: 2 items ( 100 points) Variety of kills: 12 monsters ( 600 points) Major goal: (nothing yet) ( 0 points) Survival: quit (score multiplied by 3) Total score: 3426 Latest messages: b - an uncursed +0 dagger (in quiver). b - 2 uncursed +0 daggers (in quiver). H - a scroll labeled JUYED AWK YACC. I - a zinc wand. You see here a dart. A little dart shoots out at you! You are almost hit by a little dart. You write in the dust with your fingers. You add to the writing in the dust with a zinc wand. A few ice cubes drop from the wand. J - a granite ring. $ - 67 gold pieces. There are a few more objects here. q - a hooded cloak. You start equipping your hooded cloak. You are now wearing a hooded cloak. You finish searching. This door is locked. That door is closed. (2x) Final status: Goodbye Celery the Rogue, quit... You quit in The Dungeons of Doom on dungeon level 4 with 3426 points, and 525 pieces of gold, after 1533 moves. You were level 4 with a maximum of 33 hit points when you quit.